General information
- name: BNet
- type: Ladder team game (AT/RT)
- host: Battle.net
- saver: FRom_somalia
map: Deadlock
- players: 8
- length: 33:04
- speed: Fast
- version: 1.28 W3XP
- replay type: Public
» download(297 KB)
Players
team 1 (winner)
IGORG (
blue | 63 APM | 1688 actions | 27:00)
5 Crypt Lord
3 Carrion Beetles
2 Spiked Carapace
4 Death Knight
2 Death Coil
2 Death Pact
» actions
| Assign group hotkey | 92 | |
| Build / train | 83 | |
| Enter build submenu | 21 | |
| Enter hero's abilities submenu | 9 | |
| Give item / drop item | 1 | |
| Right click | 326 | |
| Select / deselect | 312 | |
| Select group hotkey | 763 | |
| Use ability | 81 | |
1688 total
» units
| Acolyte | 13 | |
| Ghoul | 11 | |
| Crypt Fiend | 18 | |
| Frost Wyrm | 6 | |
| Gargoyle | 3 | |
| Razormane Medicine Man | 1 | |
52 total
» upgrades
| Web | 1 | |
| Creature Carapace | 2 | |
| Creature Attack | 3 | |
6 total
» buildings
| Crypt | 1 | |
| Graveyard | 1 | |
| Ziggurat | 7 | |
| Altar of Darkness | 1 | |
| Halls of the Dead | 1 | |
| Tomb of Relics | 1 | |
| Nerubian Tower | 1 | |
| Necropolis | 1 | |
| Black Citadel | 1 | |
| Sacrificial Pit | 1 | |
| Boneyard | 2 | |
18 total
» build order
00:08 Crypt
00:11 Graveyard
00:38 Ziggurat
00:58 Altar of Darkness
02:15 Halls of the Dead
02:18 Tomb of Relics
02:34 Ziggurat
02:40 Nerubian Tower
04:25 Necropolis
04:46 Black Citadel
05:37 Ziggurat
05:48 Sacrificial Pit
07:16 Boneyard
07:18 Boneyard
07:19 Ziggurat
07:21 Ziggurat
18:57 Ziggurat
19:27 Ziggurat
» items
| Rod of Necromancy | 1 | |
| Potion of Healing | 2 | |
| Scroll of Town Portal | 4 | |
| Potion of Mana | 1 | |
| Orb of Venom | 1 | |
| Healing Salve | 2 | |
11 total
coolbeat (
yellow | 38 APM | 1025 actions | 26:55)
5 Warden
3 Fan of Knives
2 Blink
3 Priestess of the Moon
2 Trueshot Aura
1 Scout
» actions
| Assign group hotkey | 12 | |
| Basic commands | 67 | |
| Build / train | 47 | |
| ESC pressed | 2 | |
| Enter build submenu | 21 | |
| Enter hero's abilities submenu | 10 | |
| Remove unit from queue | 1 | |
| Right click | 278 | |
| Select / deselect | 283 | |
| Select group hotkey | 154 | |
| Use ability | 150 | |
1025 total
» units
» upgrades
| Reinforced Hides | 2 | |
| Hardened Skin | 1 | |
| Resistant Skin | 1 | |
| Strength of the Wild | 2 | |
| Well Spring | 1 | |
7 total
» buildings
| Altar of Elders | 1 | |
| Moon Well | 7 | |
| Hunter's Hall | 1 | |
| Tree of Ages | 2 | |
| Ancient Protector | 4 | |
| Ancient of Lore | 2 | |
| Ancient of Wonders | 4 | |
| Tree of Eternity | 2 | |
23 total
» build order
00:03 Altar of Elders
00:05 Moon Well
02:28 Hunter's Hall
02:35 Moon Well
02:37 Tree of Ages
02:37 Tree of Ages
02:44 Moon Well
02:53 Moon Well
03:55 Ancient Protector
04:04 Ancient Protector
05:11 Ancient of Lore
05:18 Ancient of Lore
05:25 Ancient of Wonders
05:32 Tree of Eternity
05:32 Tree of Eternity
10:44 Ancient of Wonders
11:21 Ancient of Wonders
12:07 Ancient of Wonders
13:48 Moon Well
13:50 Moon Well
13:53 Moon Well
15:07 Ancient Protector
15:11 Ancient Protector
» items
FRom_somalia (
pink | 21 APM | 679 actions | 33:04)
» actions
| Basic commands | 34 | |
| Build / train | 71 | |
| Enter build submenu | 64 | |
| Right click | 210 | |
| Select / deselect | 220 | |
| Use ability | 80 | |
679 total
» units
» upgrades
| Masonry | 3 | |
| Lumber Harvesting | 2 | |
5 total
» buildings
| Lumber Mill | 1 | |
| Scout Tower | 60 | |
| Guard Tower | 30 | |
| Arcane Tower | 5 | |
| Keep | 1 | |
| Altar of Kings | 1 | |
| Castle | 1 | |
| Town Hall | 4 | |
| Arcane Vault | 3 | |
| Farm | 1 | |
| Great Hall | 1 | |
108 total
» build order
00:53 Lumber Mill
01:33 Scout Tower
01:34 Scout Tower
01:38 Scout Tower
01:40 Scout Tower
01:44 Scout Tower
02:04 Guard Tower
02:10 Arcane Tower
02:12 Guard Tower
02:40 Guard Tower
02:42 Guard Tower
03:07 Keep
03:14 Scout Tower
03:17 Scout Tower
03:20 Scout Tower
03:23 Scout Tower
03:28 Scout Tower
03:50 Guard Tower
03:55 Guard Tower
04:04 Guard Tower
04:12 Guard Tower
04:12 Guard Tower
08:13 Scout Tower
08:14 Scout Tower
08:15 Scout Tower
08:17 Scout Tower
08:21 Scout Tower
08:25 Scout Tower
08:29 Scout Tower
08:48 Guard Tower
08:59 Arcane Tower
09:03 Arcane Tower
09:05 Guard Tower
09:25 Scout Tower
09:28 Scout Tower
09:30 Scout Tower
09:36 Altar of Kings
10:10 Guard Tower
10:42 Castle
17:20 Town Hall
17:24 Scout Tower
17:25 Scout Tower
17:27 Scout Tower
17:28 Scout Tower
17:29 Scout Tower
17:30 Scout Tower
20:43 Scout Tower
20:44 Scout Tower
20:45 Scout Tower
20:45 Scout Tower
20:46 Scout Tower
20:49 Scout Tower
20:50 Scout Tower
21:13 Guard Tower
21:18 Guard Tower
22:05 Scout Tower
22:06 Scout Tower
22:09 Scout Tower
22:10 Scout Tower
22:11 Scout Tower
22:12 Scout Tower
22:30 Scout Tower
22:31 Scout Tower
22:32 Scout Tower
22:32 Scout Tower
22:33 Scout Tower
22:35 Guard Tower
22:36 Guard Tower
22:37 Guard Tower
22:42 Guard Tower
22:56 Town Hall
23:03 Guard Tower
23:09 Guard Tower
23:11 Guard Tower
23:31 Scout Tower
23:32 Scout Tower
23:36 Scout Tower
23:39 Scout Tower
23:41 Scout Tower
24:02 Guard Tower
24:02 Guard Tower
24:04 Guard Tower
24:04 Guard Tower
24:12 Guard Tower
24:23 Scout Tower
24:27 Scout Tower
24:31 Scout Tower
24:53 Arcane Tower
24:55 Arcane Tower
25:04 Guard Tower
26:08 Town Hall
26:13 Scout Tower
26:14 Scout Tower
26:14 Scout Tower
26:15 Scout Tower
26:16 Scout Tower
26:16 Scout Tower
26:17 Scout Tower
26:18 Scout Tower
26:26 Arcane Vault
26:30 Arcane Vault
26:33 Arcane Vault
26:46 Guard Tower
26:47 Guard Tower
27:24 Farm
27:30 Guard Tower
31:39 Great Hall
31:55 Town Hall
Kie (
orange | 36 APM | 967 actions | 27:10)
5 Blademaster
1 Wind Walk
3 Critical Strike
1 Mirror Image
3 Far Seer
2 Feral Spirit
1 Chain Lighting
1 Tauren Chieftain
1 Endurance Aura
» actions
| Assign group hotkey | 5 | |
| Basic commands | 59 | |
| Build / train | 73 | |
| Enter build submenu | 28 | |
| Enter hero's abilities submenu | 10 | |
| Give item / drop item | 1 | |
| Remove unit from queue | 6 | |
| Right click | 362 | |
| Select / deselect | 318 | |
| Select group hotkey | 33 | |
| Use ability | 71 | |
967 total
» units
| Peon | 20 | |
| Grunt | 4 | |
| Tauren | 7 | |
| Shaman | 6 | |
37 total
» upgrades
| Spiked Barricades | 2 | |
| Shaman Training | 2 | |
| Armor | 3 | |
| Melee Weapons | 3 | |
| Reinforced Defenses | 1 | |
| Pulverize | 1 | |
12 total
» buildings
| Orc Burrow | 6 | |
| Altar of Storms | 1 | |
| War Mill | 1 | |
| Barracks | 1 | |
| Voodoo Lounge | 1 | |
| Watch Tower | 10 | |
| Great Hall | 5 | |
| Stronghold | 1 | |
| Spirit Lodge | 1 | |
| Fortress | 1 | |
| Tauren Totem | 2 | |
30 total
» build order
00:26 Orc Burrow
00:51 Altar of Storms
01:06 War Mill
01:25 Barracks
01:54 Orc Burrow
02:06 Voodoo Lounge
03:03 Orc Burrow
03:45 Watch Tower
03:50 Watch Tower
05:09 Great Hall
05:25 Watch Tower
05:46 Stronghold
06:11 Orc Burrow
07:37 Watch Tower
08:06 Watch Tower
08:14 Spirit Lodge
08:30 Watch Tower
08:54 Fortress
09:13 Great Hall
09:17 Watch Tower
09:21 Watch Tower
10:15 Watch Tower
11:26 Great Hall
13:17 Tauren Totem
13:20 Tauren Totem
16:58 Orc Burrow
17:08 Orc Burrow
21:26 Watch Tower
23:03 Great Hall
25:22 Great Hall
» items
| Healing Salve | 3 | |
| Orb of Corruption | 1 | |
| Scroll of Town Portal | 2 | |
| Orb of Lightning | 2 | |
| Boots of Speed | 1 | |
9 total
team 2 (loser)
ilickthepuss (
red | 65 APM | 2155 actions | 33:03)
5 Mountain King
3 Storm Bolt
2 Bash
4 Paladin
2 Holy Light
2 Divine Shield
3 Archmage
2 Brilliance Aura
1 Blizzard
» actions
| Assign group hotkey | 120 | |
| Basic commands | 131 | |
| Build / train | 111 | |
| ESC pressed | 1 | |
| Enter build submenu | 47 | |
| Enter hero's abilities submenu | 12 | |
| Give item / drop item | 7 | |
| Remove unit from queue | 3 | |
| Right click | 808 | |
| Select / deselect | 216 | |
| Select group hotkey | 580 | |
| Use ability | 119 | |
2155 total
» units
| Peasant | 18 | |
| Footman | 7 | |
| Dragonhawk Rider | 6 | |
| Knight | 6 | |
| Gryphon Rider | 4 | |
| Siege Engine | 3 | |
44 total
» upgrades
| Defend | 1 | |
| Masonry | 3 | |
| Cloud | 1 | |
| Storm Hammers | 1 | |
| Animal War Training | 1 | |
| Swords | 3 | |
| Armor | 3 | |
| Plating | 3 | |
| Gunpowder | 3 | |
| Barrage | 1 | |
| Lumber Harvesting | 1 | |
21 total
» buildings
| Farm | 13 | |
| Altar of Kings | 1 | |
| Barracks | 2 | |
| Scout Tower | 18 | |
| Arcane Tower | 2 | |
| Arcane Vault | 1 | |
| Lumber Mill | 1 | |
| Town Hall | 1 | |
| Guard Tower | 7 | |
| Keep | 1 | |
| Castle | 1 | |
| Gryphon Aviary | 2 | |
| Blacksmith | 1 | |
| Workshop | 4 | |
55 total
» build order
00:15 Farm
00:19 Altar of Kings
00:27 Farm
00:33 Barracks
01:39 Scout Tower
01:44 Farm
02:07 Arcane Tower
02:25 Arcane Vault
03:55 Farm
04:59 Lumber Mill
05:14 Scout Tower
05:17 Scout Tower
05:31 Arcane Tower
05:33 Scout Tower
05:50 Town Hall
05:57 Guard Tower
06:06 Guard Tower
07:43 Keep
07:47 Scout Tower
07:48 Scout Tower
07:49 Scout Tower
07:52 Scout Tower
07:55 Scout Tower
08:01 Scout Tower
08:48 Guard Tower
08:58 Guard Tower
09:02 Scout Tower
09:36 Farm
09:41 Farm
09:44 Farm
10:00 Guard Tower
10:04 Scout Tower
10:15 Castle
10:22 Gryphon Aviary
10:24 Gryphon Aviary
10:41 Guard Tower
11:52 Blacksmith
13:11 Barracks
13:20 Farm
13:24 Farm
16:55 Farm
16:56 Farm
22:41 Scout Tower
23:13 Scout Tower
23:19 Scout Tower
23:23 Scout Tower
23:24 Scout Tower
23:25 Scout Tower
23:42 Guard Tower
25:29 Workshop
25:30 Workshop
25:32 Workshop
25:34 Workshop
26:55 Farm
26:57 Farm
» items
| Lesser Clarity Potion | 7 | |
| Scroll of Regeneration | 5 | |
| Scroll of Town Portal | 2 | |
| Orb of Fire | 2 | |
| Staff of Sanctuary | 1 | |
17 total
yoyo (
purple | 68 APM | 2255 actions | 33:03)
8 Blademaster
3 Wind Walk
3 Critical Strike
1 Bladestorm
1 Mirror Image
» actions
| Assign group hotkey | 18 | |
| Basic commands | 12 | |
| Build / train | 68 | |
| Enter build submenu | 22 | |
| Enter hero's abilities submenu | 8 | |
| Give item / drop item | 5 | |
| Right click | 1164 | |
| Select / deselect | 226 | |
| Select group hotkey | 632 | |
| Use ability | 100 | |
2255 total
» units
| Peon | 14 | |
| Wind Rider | 4 | |
| Troll Batrider | 16 | |
34 total
» upgrades
| Ranged Weapons | 3 | |
| Envenomed Spears | 1 | |
| Liquid Fire | 1 | |
| Reinforced Defenses | 1 | |
| Armor | 1 | |
7 total
» buildings
| Altar of Storms | 1 | |
| Orc Burrow | 7 | |
| War Mill | 1 | |
| Voodoo Lounge | 1 | |
| Watch Tower | 7 | |
| Stronghold | 1 | |
| Beastiary | 2 | |
| Fortress | 1 | |
| Great Hall | 1 | |
22 total
» build order
00:15 Altar of Storms
00:25 Orc Burrow
00:41 War Mill
01:25 Voodoo Lounge
01:54 Watch Tower
02:14 Watch Tower
03:08 Stronghold
03:27 Watch Tower
03:57 Orc Burrow
05:33 Beastiary
05:34 Beastiary
06:35 Fortress
06:40 Orc Burrow
07:53 Orc Burrow
10:31 Orc Burrow
16:20 Watch Tower
16:21 Watch Tower
16:24 Watch Tower
16:25 Watch Tower
16:29 Orc Burrow
20:01 Orc Burrow
24:22 Great Hall
» items
| Healing Salve | 4 | |
| Lesser Clarity Potion | 6 | |
| Boots of Speed | 1 | |
| Staff of Teleportation | 1 | |
| Potion of Healing | 1 | |
| Orb of Lightning | 1 | |
| Tiny Great Hall | 1 | |
| Potion of Mana | 1 | |
16 total
65756765 (
teal | 66 APM | 2189 actions | 33:03)
9 Far Seer
3 Feral Spirit
3 Chain Lighting
1 Earth Quake
2 Far Sight
» actions
| Assign group hotkey | 2 | |
| Basic commands | 15 | |
| Build / train | 123 | |
| Enter build submenu | 25 | |
| Enter hero's abilities submenu | 10 | |
| Give item / drop item | 4 | |
| Remove unit from queue | 7 | |
| Right click | 1208 | |
| Select / deselect | 645 | |
| Select group hotkey | 10 | |
| Use ability | 140 | |
2189 total
» units
| Peon | 21 | |
| Grunt | 7 | |
| Wind Rider | 10 | |
| Demolisher | 10 | |
| Kodo Beast | 1 | |
49 total
» upgrades
| Ranged Weapons | 3 | |
| Armor | 3 | |
| Melee Weapons | 0 | |
| Ensnare | 1 | |
| Envenomed Spears | 1 | |
| Reinforced Defenses | 1 | |
| Burning Oil | 1 | |
| War Drums Damage Increase | 1 | |
| Liquid Fire | 1 | |
12 total
» buildings
| Altar of Storms | 1 | |
| Orc Burrow | 9 | |
| Barracks | 2 | |
| Voodoo Lounge | 1 | |
| Stronghold | 2 | |
| War Mill | 1 | |
| Fortress | 2 | |
| Beastiary | 3 | |
| Great Hall | 1 | |
| Watch Tower | 7 | |
29 total
» build order
00:12 Altar of Storms
00:15 Orc Burrow
00:43 Barracks
01:37 Orc Burrow
01:45 Voodoo Lounge
02:53 Stronghold
02:53 Stronghold
03:32 War Mill
04:34 Orc Burrow
05:14 Fortress
05:15 Fortress
05:18 Beastiary
05:26 Beastiary
06:42 Great Hall
08:17 Orc Burrow
08:20 Orc Burrow
08:23 Orc Burrow
09:26 Orc Burrow
14:04 Beastiary
14:44 Barracks
17:18 Orc Burrow
17:19 Orc Burrow
17:22 Watch Tower
17:31 Watch Tower
19:39 Watch Tower
19:42 Watch Tower
23:04 Watch Tower
23:20 Watch Tower
24:12 Watch Tower
» items
| Lesser Clarity Potion | 7 | |
| Healing Salve | 5 | |
| Potion of Lesser Invulnerability | 1 | |
| Dust of Appearance | 1 | |
| Potion of Mana | 3 | |
| Scroll of Town Portal | 3 | |
| Potion of Healing | 2 | |
| Scroll of Speed | 1 | |
| Tome of Retraining | 1 | |
24 total

»
gjg (
green | 49 APM | 1623 actions | 33:03)
5 Archmage
3 Summon Water Elemental
2 Brilliance Aura
5 Mountain King
3 Storm Bolt
2 Thunder Clap
4 Paladin
2 Holy Light
1 Divine Shield
1 Devotion Aura
» actions
| Assign group hotkey | 36 | |
| Basic commands | 136 | |
| Build / train | 91 | |
| ESC pressed | 3 | |
| Enter build submenu | 23 | |
| Enter hero's abilities submenu | 15 | |
| Give item / drop item | 3 | |
| Remove unit from queue | 3 | |
| Right click | 457 | |
| Select / deselect | 336 | |
| Select group hotkey | 422 | |
| Use ability | 98 | |
1623 total
» units
| Peasant | 15 | |
| Rifleman | 17 | |
| Priest | 4 | |
| Mortar Team | 3 | |
| Sorceress | 2 | |
41 total
» upgrades
| Lumber Harvesting | 2 | |
| Gunpowder | 3 | |
| Priest Training | 2 | |
| Armor | 3 | |
| Long Rifles | 1 | |
| Masonry | 3 | |
| Fragmentation Shards | 1 | |
| Sorceress Training | 2 | |
| Barrage | 1 | |
| Control Magic | 1 | |
| Plating | 1 | |
| Flare | 1 | |
21 total
» buildings
| Farm | 10 | |
| Altar of Kings | 1 | |
| Blacksmith | 1 | |
| Barracks | 1 | |
| Keep | 1 | |
| Town Hall | 3 | |
| Lumber Mill | 1 | |
| Arcane Vault | 1 | |
| Arcane Sanctum | 2 | |
| Castle | 1 | |
| Workshop | 1 | |
23 total
» build order
01:04 Farm
01:15 Altar of Kings
01:25 Blacksmith
01:36 Barracks
01:46 Farm
02:21 Farm
03:34 Farm
03:38 Keep
04:38 Town Hall
05:42 Lumber Mill
07:11 Arcane Vault
07:16 Arcane Sanctum
08:34 Arcane Sanctum
08:37 Farm
09:03 Farm
09:29 Castle
10:17 Workshop
13:25 Farm
13:28 Farm
14:32 Farm
14:39 Farm
24:23 Town Hall
31:19 Town Hall
» items
| Scroll of Town Portal | 3 | |
| Staff of Sanctuary | 1 | |
| Scroll of Regeneration | 1 | |
| Potion of Healing | 2 | |
7 total
Chat log
(01:03 / All) FRom_somalia: r u see panther of color?
(01:22 / All) ilickthepuss: same troll from last game different name
(01:23 / All) FRom_somalia: it is best movie ever because all people of color cast
(01:47 / All) FRom_somalia: sir what ?
(02:26 / All) FRom_somalia: please give all ur money and house to people of color
(02:35 / All) ilickthepuss: lol
(02:38 / All) FRom_somalia: i aam person of color and i am hungrya nd need house
(03:43 / All) ilickthepuss: lol i cant surround that good
(09:13 / Allies) IGORG: пщдв вфш вшишд
(09:20 / Allies) IGORG: gold dai dibil
(10:06 / Allies) IGORG: mudak gold mi]
(10:24 / Allies) IGORG: pidor giv me gold
(11:11 / All) IGORG: fu game
(11:18 / All) IGORG: fu humand
(11:25 / All) ilickthepuss: ud noob
(11:32 / All) ilickthepuss: so ez
(11:34 / All) ilickthepuss: nuke
(15:17 / All) ilickthepuss: lol
(15:39 / All) FRom_somalia: hi u can please share the map hack?
(20:57 / Allies) coolbeat: и
(24:15 / All) ilickthepuss: lol
(26:14 / Allies) coolbeat: go
(28:29 / All) ilickthepuss: who says you cant cube on ft too
(28:43 / All) FRom_somalia: can u please share the map hack?
(28:51 / All) ilickthepuss: no need
(28:52 / All) yoyo: ?
(28:54 / All) ilickthepuss: just go fs
(29:00 / All) FRom_somalia: i need pls
(29:33 / All) 65756765: can you please leave and find a purpose in life ? thanks
(29:40 / All) ilickthepuss: lol
(29:49 / All) FRom_somalia: my purpose is to live in euro
(29:51 / All) ilickthepuss: this is what people relate to when stoned
(30:26 / All) ilickthepuss: can i hace some gold please?
(30:39 / All) FRom_somalia: trade for the map hack please
(30:41 / All) ilickthepuss: its no fun to play verse a cuber w.o gold
(30:43 / All) yoyo: did u feed them or just hoard gold?
(30:44 / All) FRom_somalia: i am person of color can i have
(30:54 / All) 65756765: why do you think you're funny?
(31:01 / All) yoyo: pink did u fed or hoard?
(31:06 / All) yoyo: feed*
(31:06 / All) FRom_somalia: r u racist against person of color?
(31:16 / All) ilickthepuss: yeah
(31:18 / All) ilickthepuss: who isnt
(31:32 / All) FRom_somalia: its illegal
(31:46 / All) FRom_somalia: i report 2 united nation
(31:49 / All) FRom_somalia: they give me ur home
(32:35 / All) FRom_somalia: wakanda is proof that african is superor
(32:49 / All) 65756765: gg loser
(32:56 / All) FRom_somalia: can i has mh?
(32:56 / All) 65756765: try hiding from far sight